 Dungeon Crawl Stone Soup version 0.19-a0-1097-g38e3b35 (webtiles) character file.

6134 epen the Martial Artist (level 10, -11/71 HPs)
             Began as an Octopode Monk on Aug 8, 2016.
             Was a Priest of Cheibriados.
             Mangled by an orc warrior
             ... wielding a +0 glaive
              (22 damage)
             ... on level 10 of the Dungeon.
             The game lasted 00:17:34 (10230 turns).

epen the Martial Artist (Octopode Monk)            Turns: 10230, Time: 00:17:35

Health: -11/71     AC:  1    Str: 18    XL:     10   Next: 89%
Magic:  12/12      EV: 23    Int: 21    God:    Cheibriados [***...]
Gold:   344        SH:  0    Dex: 26    Spells: 2 memorised, 8 levels left

rFire  . . .     SeeInvis .       - Unarmed
rCold  . . .     Gourm    .     (no shield)
rNeg   . . .     Faith    .     (helmet restricted)
rPois  .         Spirit   .     (no amulet)
rElec  .         Dismiss  .     y - ring of flight
rCorr  .         Reflect  .     (no ring)
SustAt .         Harm     .     (no ring)
MR     .....                    (no ring)
Stlth  ++++++....               (no ring)
                                (no ring)
                                (no ring)
                                (no ring)

@: repel missiles, very slow
A: almost no armour, amphibious, 8 rings, constrict 8, camouflage 1, gelatinous
body 1
a: Bend Time, Temporal Distortion, Renounce Religion, Evoke Flight


You were on level 10 of the Dungeon.
You worshipped Cheibriados.
Cheibriados was most pleased with you.
You were not hungry.

You visited 2 branches of the dungeon, and saw 11 of its levels.

You collected 344 gold pieces.

Inventory:

Jewellery
 s - an uncursed amulet of dismissal
 y - a ring of flight (left tentacle)
 F - an uncursed amulet of rage
 I - a cursed -6 ring of dexterity {unknown}
 K - an uncursed amulet of regeneration {unknown}
 M - an uncursed amulet of magic regeneration {unknown}
Wands
 b - a wand of paralysis (9/24)
 v - a wand of flame (22/48)
 x - a wand of polymorph (15/24)
Scrolls
 c - 3 scrolls of enchant armour
 g - 11 scrolls of identify
 i - a scroll of enchant weapon
 l - 2 scrolls of noise
 m - 3 scrolls of recharging
 p - a scroll of immolation
 q - 2 scrolls of remove curse
 t - a scroll of magic mapping
 u - a scroll of fear
 C - a scroll of teleportation
Potions
 e - a potion of curing
 f - a potion of ambrosia {unknown}
 h - 3 potions of might {unknown}
 j - a potion of resistance {unknown}
 n - a potion of heal wounds {unknown}
 o - 3 potions of degeneration
 r - 2 potions of haste {unknown}
 w - 2 potions of flight {unknown}
 z - a potion of brilliance {unknown}
 B - a potion of magic {unknown}
 E - a potion of mutation {unknown}
 H - a potion of lignification {unknown}
Books
 D - a book of Minor Magic

   Spells                             Type                      Level
   a - Magic Dart                     Conjuration                  1
   b - Blink                          Translocation                2
   c - Call Imp                       Summoning                    2
   d - Repel Missiles                 Charms/Air                   2
   e - Slow                           Hexes                        2
   f - Conjure Flame                  Conjuration/Fire             3
   g - Mephitic Cloud                 Conjuration/Poison/Air       3
 G - a book of Beasts

   Spells                             Type                      Level
   a - Summon Butterflies             Summoning                    1
   b - Call Canine Familiar           Summoning                    3
   c - Summon Ice Beast               Ice/Summoning                4
   d - Summon Mana Viper              Hexes/Summoning              5
   e - Summon Hydra                   Summoning                    7
 J - a book of Clouds

   Spells                             Type                      Level
   a - Mephitic Cloud                 Conjuration/Poison/Air       3
   b - Conjure Flame                  Conjuration/Fire             3
   c - Poisonous Cloud                Conjuration/Poison/Air       6
   d - Freezing Cloud                 Conjuration/Ice/Air          6
   e - Ring of Flames                 Charms/Fire                  7
Comestibles
 a - 4 bread rations
 d - 4 meat rations
 k - 2 fruits
 A - 10 chunks of flesh
 L - 2 beef jerkies


   Skills:
 + Level 7.1 Fighting
 * Level 9.8 Dodging
 - Level 7.1 Stealth
 * Level 9.9 Unarmed Combat
 + Level 1.6 Spellcasting
 + Level 1.8 Translocations
 + Level 1.5 Air Magic
 * Level 2.7 Invocations


You had 8 spell levels left.
You knew the following spells:

 Your Spells              Type           Power        Failure   Level  Hunger
a - Blink                 Tloc           N/A          12%         2    ###....
b - Repel Missiles        Chrm/Air       #.....       17%         2    ###....


Dungeon Overview and Level Annotations

Branches:
Dungeon (10/15)            Temple (1/1) D:5             Orc (0/2) D:10
   Lair: D:8-11

Altars:
Ashenzari
Cheibriados
Dithmenos
Elyvilon
Fedhas
Gozag
Hepliaklqana
Kikubaaqudgha
Makhleb
Nemelex Xobeh
Okawaru
Pakellas
Qazlal
Ru
Sif Muna
Trog
Uskayaw
Xom
Yredelemnul
Zin

Annotations:
D:4 Edmund


Innate Abilities, Weirdness & Mutations

You cannot wear most types of armour.
You are amphibious.
You can wear up to eight rings at the same time.
You can use your tentacles to constrict eight enemies at once.
Your skin changes colour to match your surroundings (Stealth+).
Your rubbery body absorbs attacks. (AC +1, EV +1)


Message History

No target in view!
Things that are here:
a hand axe; an orc skeleton No target in view!
No target in view!
You barely miss the ogre.
The ogre shouts!
The orc warrior shouts!
Your squeeze misses the ogre.
The ogre is moderately wounded.
The ogre hits you with a giant spiked club!
You tentacle-slap the ogre but do no damage.
You tentacle-slap the ogre. You squeeze the ogre!
The ogre is severely wounded.
The orc warrior misses you.
You tentacle-slap the ogre.
Your tentacle-slap misses the ogre.
The ogre is almost dead.
The ogre hits you with a giant spiked club!!
* * * LOW HITPOINT WARNING * * *
The orc warrior hits you from afar with a glaive!!
You die...

.................................
####...........#........##.......
#.......##..#...####.##...#...
#.......##..#...# #.##...#...
#.......##..#.>.# ###########
#.......##..#..[# #........).
#.......##..#o..# #%.)).)...)
#.......##..#...####..)).[).)#
#...........#@..##.))))...)).)
..............O....#..#)......
.###.........#..#..)....
#.........#..........
#.##..############### #. #..# #
#..# #..# #..


You could see an orc warrior and an ogre.

Vanquished Creatures
  2 hill giants (D:10)
  6 yaks (D:9)
  2 wyverns
  A hippogriff (D:8)
  A water moccasin (D:9)
  4 orc warriors
  An ice beast (D:7)
  2 phantoms
  A swamp drake (D:10)
  3 sky beasts
  5 centaurs
  A necrophage (D:8)
  4 ogres
  2 crocodiles
  Blork the orc (D:4)
  4 giant frogs
  2 scorpions
  3 killer bees (D:7)
  2 howler monkeys
  4 crimson imps
  A giant frog zombie (D:6)
  7 orc priests
  2 centaur skeletons
  3 jellies
  9 orc wizards
  2 hounds
  10 worker ants
  A hound zombie (D:7)
  A worker ant zombie (D:6)
  A howler monkey zombie (D:6)
  5 adders
  A shadow imp (D:7)
  2 adder skeletons
  2 worms
  5 dart slugs
  4 giant geckos
  31 orcs
  A ball python (D:2)
  3 giant cockroaches
  8 hobgoblins
  3 jackals (D:2)
  4 kobolds
  3 quokkas
  10 bats
  4 giant newts
  6 goblins
  A quokka zombie (D:8)
  7 rats
188 creatures vanquished.

Vanquished Creatures (others)
  An orc warrior (D:10)
1 creature vanquished.

Grand Total: 189 creatures vanquished

Notes
Turn   | Place    | Note
-------+----------+-------------------------------------------
     0 | D:1      | epen the Octopode Monk began the quest for the Orb.
     0 | D:1      | Reached XP level 1. HP: 16/16 MP: 1/1
   267 | D:1      | Reached XP level 2. HP: 21/21 MP: 2/2
   704 | D:2      | Found an iron altar of Okawaru.
   716 | D:2      | Reached XP level 3. HP: 24/26 MP: 3/3
   773 | D:2      | Found a shadowy altar of Dithmenos.
  1544 | D:3      | Reached XP level 4. HP: 22/31 MP: 2/4
  1818 | D:3      | Found an oddly glowing altar of Pakellas.
  1825 | D:3      | Found a bloodstained altar of Trog.
  2622 | D:4      | Noticed Blork the orc
  2644 | D:4      | Noticed Edmund
  2960 | D:4      | Killed Blork the orc
  2960 | D:4      | Reached XP level 5. HP: 31/37 MP: 3/5
  3072 | D:4      | Reached XP level 6. HP: 19/43 MP: 4/6
  3073 | D:4      | Noticed a phantom
  3291 | D:4      | Found a hazy altar of Hepliaklqana.
  3839 | D:4      | Killed a phantom
  3839 | D:4      | Reached skill level 5 in Dodging
  3839 | D:4      | Reached skill level 5 in Unarmed Combat
  4097 | D:5      | Entered Level 5 of the Dungeon
  4103 | D:5      | Reached XP level 7. HP: 47/49 MP: 7/7
  4626 | D:5      | Found a shattered altar of Ashenzari.
  4648 | D:5      | Found a white marble altar of Elyvilon.
  4650 | D:5      | Found a deep blue altar of Sif Muna.
  4652 | D:5      | Found a stormy altar of Qazlal.
  4828 | D:5      | Found a staircase to the Ecumenical Temple.
  4846 | Temple   | Entered the Ecumenical Temple
  4859 | Temple   | Became a worshipper of Cheibriados the Contemplative
  4859 | Temple   | Reached * piety under Cheibriados
  4859 | Temple   | Reached ** piety under Cheibriados
  4995 | D:5      | Reached XP level 8. HP: 54/54 MP: 8/8
  5225 | D:6      | Reached skill level 5 in Fighting
  5235 | D:6      | Found an opulent altar of Gozag.
  6206 | D:7      | Reached XP level 9. HP: 51/62 MP: 9/9
  6219 | D:7      | Reached *** piety under Cheibriados
  6346 | D:7      | Reached skill level 5 in Stealth
  7433 | D:8      | Reached **** piety under Cheibriados
  7478 | D:8      | Noticed a four-headed hydra
  8488 | D:9      | Reached XP level 10. HP: 44/69 MP: 10/10
  8884 | D:9      | Learned a level 2 spell: Blink
  9255 | D:8      | Reached skill level 1 in Translocations
  9669 | D:9      | Reached skill level 1 in Invocations
  9888 | D:10     | Entered Level 10 of the Dungeon
  9907 | D:10     | Found a basalt altar of Yredelemnul.
  9994 | D:10     | Learned a level 2 spell: Repel Missiles
 10053 | D:10     | Noticed a hill giant
 10053 | D:10     | Reached ***** piety under Cheibriados
 10055 | D:10     | Reached skill level 1 in Spellcasting
 10057 | D:10     | Reached skill level 1 in Air Magic
 10059 | D:10     | Killed a hill giant
 10100 | D:10     | Found a staircase to the Orcish Mines.
 10101 | D:10     | Noticed a hill giant
 10127 | D:10     | Killed a hill giant
 10230 | D:10     | Mangled by an orc warrior

Vault maps used:
D:1:      sevenhm_arrival_forest_fort_large_2, st_stairs_6
D:2:      nicolae_dithmenos_shadow_blocks, lemuel_round_altar,
          kennysheep_generic_room_10
D:3:      grunt_pakellas_sulfur, nrook_mini_vaults, minivault_26,
          trog_three_pillars_becter
D:4:      marbit_many_paths, first_bread, wad_floor_pattern_2,
          kennysheep_minor_cross, uniq_edmund, uniq_blork_the_orc
D:5:      kennysheep_mini, minitemple, corexii_leaking_fountain,
          lightli_corner_chamber
D:6:      lemuel_ice_spiral_2, nicolae_gozag_cash_rules_everything_around_me
D:7:      serial_bayou_pond_d
D:10:     dpeg_lair_monsters, erik_orc_1, basic_altar, lemuel_flamethrower_2
Temple:   cyrus_circular_temple

Skill      XL: |  1  2  3  4  5  6  7  8  9 10 |
---------------+-------------------------------+-----
Unarmed Combat | 4 5 6 7 8 9 |  9.9
Dodging        | 4 5 6 7 8 9 |  9.8
Fighting       | 4 5 6 7 |  7.1
Stealth        | 3 4 6 7 |  7.1
Translocations | 1 |  1.8
Invocations    | 2 |  2.7
Spellcasting   | 1 |  1.6
Air Magic      | 1 |  1.5

Action                   |  1- 3 |  4- 6 |  7- 9 | 10-12 || total
-------------------------+-------+-------+-------+-------++-------
Melee: Unarmed           |   100 |    94 |   249 |    70 ||   513
       Constrict         |    32 |    24 |    46 |     7 ||   109
       Tentacles         |    22 |    27 |    73 |    36 ||   158
       Punch             |     2 |     5 |    24 |     8 ||    39
 Cast: Repel Missiles    |       |       |       |     1 ||     1
Invok: Slouch            |       |       |       |     3 ||     3
       Temporal Distorti |       |       |       |     1 ||     1
  Use: Scroll            |       |       |    12 |     5 ||    17
       Potion            |       |       |     1 |     2 ||     3
 Stab: Sleeping          |    12 |     6 |    11 |     9 ||    38
       Distracted        |       |     1 |       |     1 ||     2
       Confused          |       |       |       |     2 ||     2
       Fleeing           |       |       |       |     1 ||     1
  Eat: Chunk             |     2 |     6 |     7 |     5 ||    20
       Beef jerky        |       |     1 |       |       ||     1
Armor: Skin              |    13 |     1 |     7 |     1 ||    22
Dodge: Dodged            |    72 |    50 |   179 |    45 ||   346
